 Dungeon Crawl Stone Soup version 0.30.1-11-g7821555f0a (webtiles) character file.

Game seed: 3025841909237315694

1950 Seranon the Cleaver (level 9, -2/55 HPs)
             Began as a Gargoyle Fighter on Dec 29, 2023.
             Slain by an ogre
             ... wielding a +0 giant club
              (8 damage)
             ... on level 6 of the Dungeon.
             The game lasted 00:24:17 (4858 turns).

Seranon the Cleaver (Gargoyle Fighter)              Turns: 4858, Time: 00:24:18

Health: -2/55      AC: 12    Str: 20    XL:     9   Next: 18%
Magic:  0/9        EV:  8    Int:  9    God:
Gold:   220        SH:  5    Dex: 13    Spells: 8/8 levels left

rFire   . . .        b - +1 war axe (holy)
rCold   . . .        c - +0 buckler
rNeg    + . .        d - +1 chain mail
rPois   ∞            m - +0 helmet
rElec   +            (no cloak)
rCorr   .            e - +0 pair of gloves
SInv    .            (no boots)
Will    .....        j - amulet of guardian spirit Stlth
                     (no ring)
HPRegen 0.29/turn    (no ring)
MPRegen 0.11/turn

%: guardian spirit
@: corroded
A: sickness immunity, AC +6, negative energy resistance 1, electricity
resistance, torment resistance 1, petrification resistance
a: no special abilities


You were on level 6 of the Dungeon.
You visited 1 branch of the dungeon, and saw 6 of its levels.

You collected 220 gold pieces.

Inventory:

Hand Weapons
 b - a +1 war axe of holy wrath (weapon)
Missiles
 g - 3 boomerangs (quivered)
Armour
 c - a +0 buckler (worn)
 d - a +1 chain mail (worn)
 e - a +0 pair of gloves (worn)
 m - a +0 helmet (worn)
Jewellery
 i - a ring of fire
 j - an amulet of guardian spirit (around neck)
 k - an amulet of the acrobat
Potions
 f - 2 potions of flight


   Skills:
 - Level 6.0 Fighting
 + Level 8.0 Axes
 - Level 6.0 Armour
 + Level 0.4 Dodging
 - Level 6.0 Shields


You had 8 spell levels left.
You didn't know any spells.
Your spell library was empty.

Dungeon Overview and Level Annotations

Branches:
Dungeon (6/15)             Temple (0/1) D:6

Altars:
Elyvilon
Makhleb
Xom

Shops:
D:4 *

Annotations:
D:2 1 runed translucent door, Crazy Yiuf


Innate Abilities, Weirdness & Mutations

You are immune to sickness and miasma.
Your stone body is resilient. (AC +6)
You are immune to poison.
You resist negative energy. (rN+)
You are resistant to electric shocks. (rElec)
You are resistant to unholy torment.
You are immune to petrification.


Message History

The ufetubus closely misses you.
The ufetubus hits you but does no damage. x2
Found a scroll of enchant armour.
You block the ufetubus's attack. The ufetubus hits you.
* * * LOW HITPOINT WARNING * * *
You miss the ufetubus.
The ufetubus hits you but does no damage. x2
You hit the ufetubus but do no damage. The ufetubus barely misses you.
The ufetubus hits you.
* * * LOW HITPOINT WARNING * * *
The ufetubus hits you.
* * * LOW HITPOINT WARNING * * *
The ufetubus barely misses you.
Okay, then.
You aren't carrying any scrolls.
You miss the ufetubus. The ufetubus barely misses you.
You block the ufetubus's attack. The ufetubus closely misses you.
You block the ufetubus's attack.
You barely miss the ufetubus. The ufetubus closely misses you.
The ufetubus barely misses you.
You closely miss the ufetubus. You completely miss the ogre.
The ufetubus hits you but does no damage.
The ufetubus barely misses you. The ogre closely misses you.
You block the ufetubus's attack.
The ufetubus hits you but does no damage.
You hit the ufetubus but do no damage. You hit the ogre.
You block the ufetubus's attack. The ufetubus barely misses you.
The ogre hits you but does no damage.
The ufetubus hits you but does no damage. x2
You barely miss the ufetubus. You barely miss the ogre.
The ufetubus hits you but does no damage. x4
The ogre barely misses you.
Unknown command.
Unknown command.
You hit the ufetubus but do no damage. You hit the ogre.
The ufetubus barely misses you. You block the ufetubus's attack.
You hit the ufetubus.
The ufetubus convulses.
You kill the ufetubus!
You hit the ogre. The ogre hits you with a +0 giant club!
You die...

.##......#... # #.
............ #.#..
........... ..... ..
#.......... ....#
...##...........#.... .
............###. ###.
... #........#.... #.
.....#####..........###.
.......@..............#.
........O.............#.
...........$...... #....
............##...# ###..
?.#..............# ####
# #..............####.##
#......................
..##........... .......
..)....


You could see an ogre.

Vanquished Creatures
  Prince Ribbit (D:5)
  2 ice beasts
  3 centaurs
  An ogre (D:5)
  A kobold brigand (D:5)
  A gnoll sergeant (D:6)
  3 scorpions
  3 wights (D:6)
  3 jellies (D:5)
  A hound (D:6)
  2 orc priests
  A gnoll bouda (D:5)
  3 iguanas (D:5)
  Terence (D:2)
  5 orc wizards
  Robin (D:3)
  12 gnolls
  6 adders
  2 white imps (D:5)
  3 ufetubi
  A worm (D:3)
  A dart slug (D:2)
  17 orcs
  3 endoplasms
  3 giant cockroaches
  16 goblins
  12 hobgoblins
  4 jackals (D:1)
  27 kobolds
  3 quokkas
  10 ball pythons
  4 bats
  14 frilled lizards
  9 rats
179 creatures vanquished.

Notes
Turn   | Place    | Note
-------+----------+-------------------------------------------
     0 | D:1      | Seranon the Gargoyle Fighter began the quest for the Orb.
     0 | D:1      | Reached XP level 1. HP: 14/14 MP: 1/1
    72 | D:1      | Reached skill level 2 in Axes
   111 | D:1      | Reached XP level 2. HP: 18/19 MP: 2/2
   274 | D:1      | Reached XP level 3. HP: 23/23 MP: 3/3
   863 | D:2      | Found a shimmering altar of Xom.
   995 | D:2      | Noticed Terence
  1024 | D:2      | Killed Terence
  1025 | D:2      | Reached skill level 3 in Axes
  1025 | D:2      | Reached XP level 4. HP: 7/28 MP: 4/4
  1310 | D:2      | Found a runed translucent door.
  1311 | D:2      | Noticed Crazy Yiuf
  1446 | D:2      | Found a faded altar of an unknown god.
  1869 | D:3      | Reached XP level 5. HP: 32/32 MP: 5/5
  1901 | D:3      | Reached skill level 5 in Shields
  1992 | D:3      | Noticed Robin
  2005 | D:3      | Killed Robin
  2188 | D:3      | Found a burning altar of Makhleb.
  2373 | D:4      | Reached skill level 4 in Axes
  2538 | D:4      | Reached XP level 6. HP: 37/37 MP: 6/6
  2698 | D:4      | Found a white marble altar of Elyvilon.
  2832 | D:4      | Found Parygad's General Store.
  3161 | D:5      | Entered Level 5 of the Dungeon
  3170 | D:5      | Noticed Prince Ribbit
  3189 | D:5      | Reached skill level 5 in Axes
  3189 | D:5      | Reached XP level 7. HP: 39/41 MP: 3/7
  3200 | D:5      | Killed Prince Ribbit
  3426 | D:5      | Reached skill level 5 in Armour
  3459 | D:5      | Reached skill level 6 in Axes
  3474 | D:5      | Reached XP level 8. HP: 46/46 MP: 8/8
  4044 | D:5      | Reached skill level 7 in Axes
  4562 | D:6      | Reached skill level 5 in Fighting
  4688 | D:6      | Reached XP level 9. HP: 53/54 MP: 9/9
  4791 | D:6      | Found a staircase to the Ecumenical Temple.
  4827 | D:6      | Reached skill level 8 in Axes
  4858 | D:6      | Slain by an ogre

Illustrated notes

Levels and vault maps discovered:
D:1:      dpeg_arrival_prison, layout_rooms, minmay_misc_feat_doors
D:2:      layout_basic, shapermc_ecumenical_altar_mp_urbaneastern, basic_altar,
          nicolae_underground_beach, uniq_crazy_yiuf_cottage, uniq_terence
D:3:      layout_basic, mainiacjoe_overflow_alcove_2, hangedman_feature_mirror,
          uniq_robin
D:4:      layout_rooms, lemuel_crystal_altar, serial_shops, shop,
          item_on_display_a
D:5:      kennysheep_kobold_camp, layout_loops_cross, minmay_lizard_king,
          uniq_prince_ribbit1
D:6:      layout_cave_pools, minmay_temple_entry_arrows, minmay_holes,
          hangedman_abyss_or_decor_stabs

Skill      XL: |  1  2  3  4  5  6  7  8  9 |
---------------+----------------------------+-----
Axes           | 2 3 4 5 6 7 8 |  8.0
Shields        | 4 5 6 |  6.0
Armour         | 5 6 |  6.0
Fighting       | 5 6 |  6.0
Dodging        | |  0.4

Action                     |  1- 3 |  4- 6 |  7- 9 || total
---------------------------+-------+-------+-------++-------
  Melee: War axe           |   138 |   199 |   271 ||   608
  Throw: Boomerang         |     2 |     6 |       ||     8
    Use: Scroll            |     3 |     5 |     2 ||    10
         Potion            |     2 |     1 |     2 ||     5
 Armour: Scale mail        |    78 |       |       ||    78
         Chain mail        |       |   152 |   162 ||   314
  Dodge: Dodged            |    72 |    47 |   107 ||   226
  Block: Buckler           |    29 |    54 |    76 ||   159
